[Event "*** SCC Grand Prix: Titled Tuesday Blitz"]
[Site "Chess.com"]
[Date "2020.09.08"]
[Round "1"]
[White "davigator"]
[Black "dusanacns"]
[Result "1/2-1/2"]
[WhiteElo "2345"]
[BlackElo "2663"]
[TimeControl "180+1"]
[EndTime "10:07:15 PDT"]
[Termination "Game drawn by repetition"]

1. e4 g6 2. d4 Bg7 3. Nc3 a6 4. Be3 b5 5. f3 Bb7 6. Qd2 d6 7. O-O-O Nd7 8. Kb1 Rc8 9. Nce2 c5 10. c3 Ngf6 11.
Bh6 Bxh6 12. Qxh6 b4 13. c4 b3 14. axb3 Qb6 15. Qe3 cxd4 16. Nxd4 Nc5 17. Qc3 O-O 18. Bd3 Rb8 19. Bc2 e5 20. Nde2 Ba8 21. Nc1 a5 22.
Nge2 Rfd8 23. Rd2 Bc6 24. Rhd1 Ne8 25. Ka2 a4 26. b4 Qxb4 27. Qxb4 Rxb4 28. Nd3 Nxd3 29.
Bxd3 Rdb8 30. Rc1 Bd7 31. Nc3 Be6 32. Nd5 Bxd5 33. cxd5 Nf6 34. Rc6 R8b6 35. Rdc2 Nd7 36. Rxb6 Rxb6 37. Rc6 Kf8 38. Rxb6 Nxb6 39. Bb5 f5 40.
Ka3 Ke7 41. Kb4 Kd8 42. Bxa4 Kc7 43. h4 f4 44. Be8 Nc8 45. Kb5 Kb7 46. b4 Na7+ 47.
Ka5 Nc8 48. Bc6+ Kc7 49. Be8 Nb6 50. Kb5 Nc8 51. Bf7 Kb7 52. Bg8 h6 53. Be6 Nb6 54. Bh3 Kc7 55. Be6 Kb7 56. Bf7 g5 57. hxg5 hxg5 58. Be8 Kc7 59. Bc6 Nc8 60. Ka6 Nb6 61. Bb5 Nc8 62. Bc6 Nb6 63. Ka5 Nc4+ 64. Ka6 Nb6 1/2-1/2

[Event "*** SCC Grand Prix: Titled Tuesday Blitz"]
[Site "Chess.com"]
[Date "2020.09.08"]
[Round "1"]
[White "Spriteball"]
[Black "Beltraxtor"]
[Result "0-1"]
[WhiteElo "2232"]
[BlackElo "2567"]
[TimeControl "180+1"]
[EndTime "10:07:15 PDT"]
[Termination "Beltraxtor won by resignation"]

1. c4 c6 2. Nf3 d5 3. d4 Nf6 4. Nc3 dxc4 5. a4 Bf5 6. e3 e6 7. Bxc4 Bb4 8. O-O Nbd7 9. Qe2 Bg6 10. e4 O-O 11. Bd3 Bh5 12. Bf4 Qa5 13. Rfc1 e5 14. dxe5 Nxe5 15. Bxe5 Bxf3 16. Qxf3 Qxe5 17. Qg3 Qxg3 18.
hxg3 Rad8 19. Rd1 Rfe8 20. f3 h5 21. Ne2 a5 22. Bc4 g6 23. Nf4 Kg7 24. Nd3 Bf8 25.
Kf2 Rd4 26. b3 Red8 27. Ke2 Nd7 28. Ke3 Nb6 29. Bxf7 Kxf7 30. Ne5+ Kf6 31. Rxd4 Bc5 32. Nxc6 bxc6 33. Rd1 Na8 34. f4 Nc7 35. e5+ Kf5 36. g4+ hxg4 37. g3 Rxd4 38. Rxd4 Ne6 39. Kd3 Bxd4 40.
Kc4 Bf2 0-1

[Event "*** SCC Grand Prix: Titled Tuesday Blitz"]
[Site "Chess.com"]
[Date "2020.09.08"]
[Round "1"]
[White "jamalm2"]
[Black "serhanberat_ozdemir"]
[Result "0-1"]
[WhiteElo "1921"]
[BlackElo "2478"]
[TimeControl "180+1"]
[EndTime "10:07:15 PDT"]
[Termination "serhanberat_ozdemir won on time"]

1. e4 c5 2. g3 e6 3. Bg2 d5 4. exd5 exd5 5. d3 Nf6 6. Ne2 Bd6 7. Nbc3 d4 8. Ne4 Nxe4 9. Bxe4 O-O 10. O-O f5 11.
Bg2 Qc7 12. Bf4 Nc6 13. Qd2 Bd7 14. Bxd6 Qxd6 15. Nf4 Ne5 16. Rae1 Rae8 17. Bd5+ Kh8 18. Bg2 Bc6 19. Qd1 Bxg2 20. Kxg2 Qc6+ 21. f3 Ng4 22. Qd2 Ne3+ 23. Kg1 Nxf1 24. Rxf1 Re3 25. Kg2 Rfe8 26. h4 g6 27. Rf2 Kg7 28. b3 h6 29. Nh3 Kf6 30.
a4 g5 31. hxg5+ hxg5 32. Kh2 Rh8 33. g4 fxg4 34. fxg4+ Kg6 35. Kg1 Rhxh3 36. Rg2 Rhg3 0-1

[Event "*** SCC Grand Prix: Titled Tuesday Blitz"]
[Site "Chess.com"]
[Date "2020.09.08"]
[Round "1"]
[White "r31415"]
[Black "GM_dmitrij"]
[Result "0-1"]
[WhiteElo "2452"]
[BlackElo "2920"]
[TimeControl "180+1"]
[EndTime "10:07:16 PDT"]
[Termination "GM_dmitrij won by checkmate"]

1. e4 e5 2. Nf3 Nc6 3. Bc4 Nf6 4. d3 Bc5 5. c3 d6 6. O-O O-O 7. Bb3 a5 8. Nbd2 Be6 9. Re1 Re8 10. Nf1 h6 11. h3 d5 12. Qe2 Qd7 13. Bc2 Rad8 14. Nxe5 Nxe5 15. d4 Nxe4 16. Bxe4 dxe4 17. dxe5 Bd5 18.
Bf4 Qf5 19. Bg3 Bc6 20. Rad1 Rd3 21. Rd2 Red8 22. Red1 Qg6 23. Kh2 Bb5 24. Qe1 a4 25. Ne3 Bxe3 26. Qxe3 b6 27. Rxd3 exd3 28. Rd2 Bc4 29.
a3 Qf5 30. f4 c5 31. Bf2 h5 32. Qf3 g5 33. Be3 g4 34. hxg4 hxg4 35. Qg3 Kg7 36. Kg1 Rh8 37. Kf2 Be6 38. Rd1 c4 39. Bxb6 Bd5 40.
Bd4 Kg6 41. Qe3 Qe4 42. Re1 Qxg2# 0-1

[Event "*** SCC Grand Prix: Titled Tuesday Blitz"]
[Site "Chess.com"]
[Date "2020.09.08"]
[Round "1"]
[White "dopolian"]
[Black "Bigfish1995"]
[Result "0-1"]
[WhiteElo "2468"]
[BlackElo "3014"]
[TimeControl "180+1"]
[EndTime "10:07:17 PDT"]
[Termination "Bigfish1995 won by resignation"]

1. e4 c6 2. Nc3 d5 3. Nf3 Bg4 4. h3 Bxf3 5. Qxf3 e6 6. d4 Nd7 7.
Bd3 g6 8. O-O Bg7 9. Be3 Qb6 10.
Rab1 Bxd4 11. Bxd4 Qxd4 12. exd5 exd5 13. Rfe1+ Kf8 14.
Ne2 Qf6 15. Qg3 Ne5 16. Nf4 Re8 17. Re2 Re7 18. Rbe1 Nd7 19. c3 Rxe2 20. Rxe2 Ne7 21. Bc2 h5 22. h4 Nf5 23. Qh3 Nxh4 24. Qxd7 Qxf4 25. g3 Nf3+ 26. Kg2 Qf6 27. Re8+ Kg7 28. Rxh8 Kxh8 29. Bd1 Ne1+ 30. Kg1 Nd3 31. Qe8+ Kg7 32.
Qe2 Nc5 33. Bc2 d4 34. Qc4 Ne6 35. cxd4 Qxd4 36. Qxd4+ Nxd4 37. Bd3 Kf6 38. Kf1 Ke5 39. f4+ Kd5 40. Kf2 c5 41. Ke3 Nf5+ 42. Kf3 Nd6 43. b3 b5 44. Bc2 Kd4 0-1

[Event "*** SCC Grand Prix: Titled Tuesday Blitz"]
[Site "Chess.com"]
[Date "2020.09.08"]
[Round "1"]
[White "chessfrendz"]
[Black "Mikhail_Golubev"]
[Result "0-1"]
[WhiteElo "2279"]
[BlackElo "2605"]
[TimeControl "180+1"]
[EndTime "10:07:17 PDT"]
[Termination "Mikhail_Golubev won on time"]

1. d4 Nf6 2. c4 g6 3. Nc3 Bg7 4. e4 d6 5. Nf3 O-O 6. Be2 e5 7.
O-O Nc6 8. d5 Ne7 9. Ne1 Ne8 10.
Be3 f5 11. f3 f4 12. Bf2 g5 13. a4 Ng6 14. a5 h5 15. c5 dxc5 16. Bxc5 Rf7 17.
Nd3 Nd6 18. Nf2 Bf8 19. a6 b6 20. Ba3 Bd7 21. Rc1 Rg7 22. Na2 Nh8 23. h3 Nhf7 24. Nb4 Nh6 25. Nc6 Qe8 26. Rc3 Kh8 27. b4 Qg6 28. Nxe5 Qf6 29. Qd4 g4 30. fxg4 hxg4 31. hxg4 Re8 32. Rh3 Kg8 0-1

[Event "*** SCC Grand Prix: Titled Tuesday Blitz"]
[Site "Chess.com"]
[Date "2020.09.08"]
[Round "1"]
[White "Zhani-Z"]
[Black "MYMChessAcademy"]
[Result "1-0"]
[WhiteElo "2502"]
[BlackElo "2084"]
[TimeControl "180+1"]
[EndTime "10:07:17 PDT"]
[Termination "Zhani-Z won on time"]

1. e4 c5 2. Nf3 d6 3. d4 cxd4 4. Nxd4 a6 5. c4 b6 6. Nc3 Bb7 7. Be2 Nd7 8. O-O e6 9. f3 Ngf6 10. Be3 Be7 11. Qd2 O-O 12. Rac1 Rc8 13. Rfd1 Ne5 14. b3 Nfd7 15. Bf1 Nb8 16. Qf2 Nbc6 17. Nxc6 Rxc6 18. h3 Qc7 19. f4 Ng6 20. f5 Ne5 21.
Ne2 exf5 22. Nd4 Rc5 23. Nxf5 Ng6 24. Bxc5 bxc5 25. Qg3 Bxe4 26. Nxe7+ Qxe7 27. Qxd6 Qg5 28. Qd2 Nf4 29. Kh2 Qe5 30. Qd6 Qg5 31. g3 Nh5 32.
Rc3 f5 33. Qe5 h6 34. Rd7 Qg6 35. Rd6 Qg5 36. Be2 Nf6 37. Qf4 h5 38. Qxg5 1-0

[Event "*** SCC Grand Prix: Titled Tuesday Blitz"]
[Site "Chess.com"]
[Date "2020.09.08"]
[Round "1"]
[White "ShapkinAnatoliy"]
[Black "indfraeng"]
[Result "1-0"]
[WhiteElo "2656"]
[BlackElo "2326"]
[TimeControl "180+1"]
[EndTime "10:07:18 PDT"]
[Termination "ShapkinAnatoliy won by checkmate"]

1. d4 d5 2. c4 c6 3. cxd5 cxd5 4. Nc3 Nf6 5. Nf3 Nc6 6. Bf4 Bf5 7. e3 e6 8. Qb3 Bb4 9. Ne5 Qb6 10. Be2 O-O 11.
O-O Rac8 12. Na4 Qa5 13. Rac1 Ne4 14. Rfd1 Nxe5 15. Bxe5 Nd2 16. Rxc8 Rxc8 17. Rxd2 Bxd2 18. Nc5 b6 19. Nd3 Bxd3 20. Qxd3 Rc1+ 21. Bf1 Qb4 22. b3 Be1 23. Bg3 h6 24. h4 Qd2 25. Qb5 Kh7 26. h5 Qxa2 27. Kh2 Bxf2 28. Bd3+ f5 29. Qe8 Bxg3+ 30. Kxg3 Qa3 31. Qg6+ Kh8 32. Qe8+ Kh7 33. Qg6+ Kh8 34. Qxe6 Qf8 35. Bxf5 Rf1 36. Kg4 Rf2 37. g3 Qd8 38. Kh3 Qe8 39. Qxe8# 1-0

[Event "*** SCC Grand Prix: Titled Tuesday Blitz"]
[Site "Chess.com"]
[Date "2020.09.08"]
[Round "1"]
[White "SavelievAlexei"]
[Black "XDPS"]
[Result "0-1"]
[WhiteElo "2402"]
[BlackElo "2796"]
[TimeControl "180+1"]
[EndTime "10:07:19 PDT"]
[Termination "XDPS won on time"]

1. e4 c5 2. Nf3 d6 3. d4 cxd4 4.
Nxd4 Nf6 5. Nc3 a6 6. Bg5 Nbd7 7.
f4 h6 8. Bh4 Qc7 9. Qd2 b5 10.
Bd3 Bb7 11. O-O-O e5 12. Nf5 g6 13. Bxf6 Nxf6 14. Bxb5+ axb5 15. Nxb5 Qc6 16. Nfxd6+ Bxd6 17. Nxd6+ Kf8 18. Qb4 Kg7 19. Qxb7 Qxb7 20. Nxb7 Rxa2 21.
Kb1 Rha8 22. c3 Nxe4 23. Rhe1 Nf2 24. fxe5 Nxd1 25. Rxd1 Ra1+ 26. Kc2 Rxd1 27. Kxd1 Rb8 28. Nd6 Rxb2 29. c4 Kf8 30. g3 Ke7 31. h4 f6 32.
c5 fxe5 33. Nc4 Rg2 34. Nxe5 Rxg3 35. Ke2 g5 36. hxg5 Rxg5 37. Nd3 Rg3 38. Nf4 Kd7 0-1

[Event "*** SCC Grand Prix: Titled Tuesday Blitz"]
[Site "Chess.com"]
[Date "2020.09.08"]
[Round "1"]
[White "ExcitingTrap"]
[Black "13MiRacLe"]
[Result "1-0"]
[WhiteElo "2298"]
[BlackElo "2590"]
[TimeControl "180+1"]
[EndTime "10:07:19 PDT"]
[Termination "ExcitingTrap won on time"]

1. e4 e5 2. Nf3 Nc6 3. Bc4 Nf6 4. d3 Bc5 5. c3 O-O 6. Nbd2 d5 7. exd5 Nxd5 8. Ne4 Be7 9. O-O Nb6 10. Bb3 Bg4 11.
h3 Bh5 12. Ng3 Bg6 13. Bc2 Qd6 14. Re1 Rad8 15. Ne4 Qd7 16. Qe2 h6 17. Be3 Nd5 18.
d4 exd4 19. Bxd4 Nxd4 20. Nxd4 c5 21. Nf3 Qc7 22. Rad1 a6 23. Bb1 Rfe8 24. Ng3 Nf4 25. Qe5 Qxe5 26. Nxe5 Bxb1 27. Rxb1 Bf6 28. Ng4 Rxe1+ 29.
Rxe1 Rd2 30. Nxf6+ gxf6 31. Re8+ Kh7 32. Re7 Rxb2 33.
Rxf7+ Kg6 34. Rc7 Rxa2 35. Rxb7 Rc2 36. Ne4 1-0

[Event "*** SCC Grand Prix: Titled Tuesday Blitz"]
[Site "Chess.com"]
[Date "2020.09.08"]
[Round "1"]
[White "Violord"]
[Black "talyamania"]
[Result "1-0"]
[WhiteElo "2675"]
[BlackElo "2342"]
[TimeControl "180+1"]
[EndTime "10:07:20 PDT"]
[Termination "Violord won on time"]

1. e4 c5 2. Nf3 Nc6 3. Bb5 g6 4.
Bxc6 dxc6 5. d3 Bg7 6. h3 Nf6 7. O-O O-O 8. Nbd2 Nd7 9. Nc4 Qc7 10.
a4 a5 11. Bd2 e5 12. Qc1 Re8 13. Bh6 Bh8 14. Nh2 Nf8 15. f4 exf4 16. Bxf4 Qd8 17. Nd6 Re7 18. e5 Ne6 19. Bg3 Nd4 20. Qd1 Be6 21. c3 Nf5 22. Nxf5 Bxf5 23. d4 cxd4 24. cxd4 Qb6 25. Rxf5 gxf5 26. Qd2 Re6 27. Nf3 Rd8 28. Rf1 Rg6 29. Bf2 Qb4 30. Qf4 Qxb2 31. Qxf5 Bg7 32.
Ng5 Qb3 33. h4 h6 34. Ne4 Qe6 35. Qf3 Qg4 36. Kh2 Qxf3 37. gxf3 f6 38. h5 Rg5 39. Nxg5 hxg5 40. Rg1 1-0

[Event "*** SCC Grand Prix: Titled Tuesday Blitz"]
[Site "Chess.com"]
[Date "2020.09.08"]
[Round "1"]
[White "hellokostya"]
[Black "juli2512"]
[Result "1-0"]
[WhiteElo "2494"]
[BlackElo "2043"]
[TimeControl "180+1"]
[EndTime "10:07:20 PDT"]
[Termination "hellokostya won by resignation"]

1. d4 f5 2. g3 Nf6 3. Bg2 g6 4. c4 Bg7 5. Nc3 O-O 6. Nf3 d6 7. O-O Nc6 8. d5 Na5 9. Nd2 c5 10. Qc2 e5 11. dxe6 Bxe6 12. Nd5 Nc6 13. e3 Ng4 14. a3 Rc8 15. h3 Nge5 16. Rb1 Nf7 17. b3 Ne7 18. Bb2 Nxd5 19. cxd5 Bd7 20. Bxg7 Kxg7 21. Qc3+ Qf6 22. Qc2 b5 23. a4 a6 24.
Rfe1 Ra8 25. Nf3 Rfe8 26. h4 Ne5 27. Ng5 Nf7 28. Ne6+ Kg8 29. Nc7 Rab8 30. Nxe8 Rxe8 31. Qb2 Qe7 32. axb5 axb5 33. e4 f4 34. Qc3 Ne5 35.
gxf4 Ng4 36. Qg3 h5 37. e5 Rf8 38. e6 Be8 39. Bf3 Nf6 40. f5 Kh7 41. Kh1 Rg8 42. fxg6+ Rxg6 43. Qf4 Ng8 44. Rg1 Rf6 45. Be4+ Bg6 46.
Bxg6+ Rxg6 47. Rxg6 Kxg6 48. Rg1+ 1-0

[Event "*** SCC Grand Prix: Titled Tuesday Blitz"]
[Site "Chess.com"]
[Date "2020.09.08"]
[Round "1"]
[White "leejunhyeok"]
[Black "Nayemhaque22"]
[Result "1-0"]
[WhiteElo "2684"]
[BlackElo "2350"]
[TimeControl "180+1"]
[EndTime "10:07:21 PDT"]
[Termination "leejunhyeok won by checkmate"]

1. e4 c5 2. c4 Nc6 3. Nc3 g6 4.
g3 Bg7 5. Bg2 e5 6. Nge2 Nge7 7.
O-O O-O 8. d3 d6 9. f4 Nd4 10. h3 f5 11. fxe5 dxe5 12. Bg5 h6 13. Bxe7 Qxe7 14. Nd5 Qg5 15. Nxd4 exd4 16. exf5 Bxf5 17.
g4 Be6 18. Qe2 Bxd5 19. Bxd5+ Kh7 20. Bxb7 Rae8 21. Be4 Be5 22. Rxf8 Rxf8 23. Rf1 Rxf1+ 24. Qxf1 Qe3+ 25. Qf2 Qc1+ 26. Kg2 Kg7 27. Bd5 Bf4 28. b4 h5 29. gxh5 gxh5 30. bxc5 Kh6 31. c6 Be5 32. Qf8+ Bg7 33. Qd6+ Kg5 34. Qg3+ Kh6 35. Qd6+ Kg5 36. h4+ Kf5 37. Be4+ Kg4 38. Qg3# 1-0

[Event "*** SCC Grand Prix: Titled Tuesday Blitz"]
[Site "Chess.com"]
[Date "2020.09.08"]
[Round "1"]
[White "Keures"]
[Black "Alexsur1981"]
[Result "0-1"]
[WhiteElo "2341"]
[BlackElo "2674"]
[TimeControl "180+1"]
[EndTime "10:07:21 PDT"]
[Termination "Alexsur1981 won by resignation"]

1. d4 d6 2. c4 e5 3. dxe5 dxe5 4. Qxd8+ Kxd8 5. g3 Be6 6. b3 Nd7 7. Bh3 Bxh3 8. Nxh3 f6 9. O-O c6 10. Kg2 Kc7 11.
f3 Ne7 12. Nf2 Nf5 13. Ne4 Be7 14. Kf2 Rhd8 15. Nbc3 Nc5 16. Bb2 Nd4 17. Rad1 Nde6 18. Rxd8 Rxd8 19. Rd1 Nxe4+ 20. fxe4 Bc5+ 21. Ke1 Bd4 22. g4 Ng5 23. Rd3 Bxc3+ 24. Bxc3 Nxe4 25. Bb2 Nc5 26. Rxd8 Kxd8 27. h4 Kd7 28. Kf2 Ke6 29.
Kf3 g6 30. h5 gxh5 31. gxh5 f5 32. Bc3 Ne4 33. Be1 Nf6 34. h6 Ne4 35. Bh4 b5 36.
cxb5 cxb5 37. Bd8 Nc3 38. a3 Nb1 39. a4 bxa4 40. bxa4 Nd2+ 41. Ke3 Nc4+ 42. Kf3 Kd5 43.
e4+ fxe4+ 44. Ke2 a6 45. Bf6 Nb6 46. a5 Nc4 47. Bd8 Ke6 48. Bc7 Kf5 49. Bb6 Kf4 50. Bc7 Ne3 51. Bb6 Nf5 52. Kf2 e3+ 53. Ke2 Ke4 54.
Ba7 Nd4+ 55. Ke1 Kd3 56. Bb6 Nf3+ 0-1

[Event "*** SCC Grand Prix: Titled Tuesday Blitz"]
[Site "Chess.com"]
[Date "2020.09.08"]
[Round "1"]
[White "MariaFominykh"]
[Black "Carnivoras"]
[Result "1-0"]
[WhiteElo "2351"]
[BlackElo "2654"]
[TimeControl "180+1"]
[EndTime "10:07:22 PDT"]
[Termination "MariaFominykh won by checkmate"]

1. Nf3 d5 2. g3 Nf6 3. Bg2 Bf5 4. d3 e6 5. Nbd2 Be7 6. O-O O-O 7. Qe1 Nbd7 8. e4 dxe4 9. dxe4 Bg4 10. h3 Bh5 11. Nc4 Nb6 12. Na5 Qc8 13. Bf4 Nfd7 14. e5 Bg6 15.
Rc1 Nc5 16. Bg5 Bxg5 17. Nxg5 h6 18. b4 hxg5 19. bxc5 Nd5 20. c4 b6 21. cxd5 bxa5 22. d6 Rb8 23. Qxa5 c6 24. Rfd1 Qd7 25. Qa6 Rfc8 26.
Rc3 Rb5 27. Rdc1 Bf5 28. Ra3 Rb7 29. Qa4 Bg6 30. Qd4 Bf5 31. Qd2 Rcb8 32. Qxg5 Rb1 33.
Rxb1 Rxb1+ 34. Kh2 Rb5 35. Rc3 a5 36. h4 Bg6 37. h5 Bf5 38. h6 Bg6 39. hxg7 Kxg7 40. Qf6+ Kf8 41. Rc4 Kg8 42. Rh4 Bh7 43. Qg5+ Kh8 44.
Qh6 f6 45. Qf8# 1-0

[Event "*** SCC Grand Prix: Titled Tuesday Blitz"]
[Site "Chess.com"]
[Date "2020.09.08"]
[Round "1"]
[White "Klavdia_Nik"]
[Black "skoularikii"]
[Result "1-0"]
[WhiteElo "2133"]
[BlackElo "2495"]
[TimeControl "180+1"]
[EndTime "10:07:22 PDT"]
[Termination "Klavdia_Nik won by checkmate"]

1. Nf3 d5 2. c4 c5 3. g3 Nf6 4. Bg2 e6 5. O-O Nc6 6. b3 Be7 7. Bb2 O-O 8. d3 d4 9. Nbd2 e5 10. b4 cxb4 11. a3 a5 12. axb4 Bxb4 13. Ba3 Re8 14.
Ng5 h6 15. Nge4 Nxe4 16. Nxe4 Bd7 17. Bxb4 axb4 18. Nd6 Rxa1 19. Qxa1 Re6 20. Nb5 Qb6 21. Rb1 Re8 22. Bd5 Ne7 23. Bf3 Bxb5 24. Rxb4 e4 25. Bxe4 Qc7 26. Rxb5 Nc6 27. Qb2 Re7 28. Rb6 g6 29. Bf3 Rd7 30. Kg2 Qd6 31. Rxb7 Ne5 32. Rxd7 Qxd7 33. Qb8+ Kh7 34. Qxe5 Qd8 35. Qd5 Qb6 36.
Qxf7+ Kh8 37. Bd5 Qb8 38. Qxg6 Qe5 39. Qxh6# 1-0

[Event "*** SCC Grand Prix: Titled Tuesday Blitz"]
[Site "Chess.com"]
[Date "2020.09.08"]
[Round "1"]
[White "jucAxx"]
[Black "ChessPromotionAlex"]
[Result "0-1"]
[WhiteElo "2033"]
[BlackElo "2495"]
[TimeControl "180+1"]
[EndTime "10:07:22 PDT"]
[Termination "ChessPromotionAlex won on time"]

1. e4 c5 2. c3 Nf6 3. e5 Nd5 4.
d4 cxd4 5. Nf3 Nc6 6. cxd4 d6 7. Nc3 dxe5 8. dxe5 Nxc3 9. Qxd8+ Nxd8 10. bxc3 g6 11. Bb5+ Bd7 12. Bxd7+ Kxd7 13. Be3 Bg7 14. Rd1+ Kc7 15.
Kd2 Ne6 16. Kc2 b6 17. Rd5 Rhd8 18. Rhd1 Rxd5 19. Rxd5 Rd8 20. Rxd8 Kxd8 21. Bd4 Kc7 22. Kd3 Kc6 23. a4 h6 24. Nd2 Nf4+ 25. Ke4 Nxg2 26. f4 Nh4 27. Nc4 Nf5 28. e6 Nxd4 29. cxd4 fxe6 30. Ne3 b5 31. axb5+ Kxb5 32. Kd3 Bf6 33.
Ng4 h5 34. Nf2 a5 35. Ne4 Kb4 36. Nc5 a4 37. Nxe6 a3 38. Kc2 Kc4 0-1

[Event "*** SCC Grand Prix: Titled Tuesday Blitz"]
[Site "Chess.com"]
[Date "2020.09.08"]
[Round "1"]
[White "sergeikim"]
[Black "Infernal_XaM"]
[Result "1/2-1/2"]
[WhiteElo "2457"]
[BlackElo "2901"]
[TimeControl "180+1"]
[EndTime "10:07:23 PDT"]
[Termination "Game drawn by repetition"]

1. d4 Nf6 2. c4 e6 3. Nc3 Bb4 4. Qc2 b6 5. a3 Bxc3+ 6. Qxc3 Bb7 7. Nf3 O-O 8. g3 c5 9. dxc5 Ne4 10. Qc2 Nxc5 11. b4 Be4 12. Qc3 Na4 13. Qd4 d5 14.
cxd5 Bxf3 15. exf3 Qxd5 16. Qxd5 exd5 17. Bb5 Nc3 18. Bd3 Re8+ 19. Kd2 d4 20. Bb2 Nc6 21. Bxc3 dxc3+ 22. Kxc3 Ne5 23. Be4 Rac8+ 24. Kb3 g6 25. Rac1 f5 26. Bd5+ Kg7 27. Rhd1 Red8 28. Rxc8 Rxc8 29.
h3 Rc7 30. f4 Nd7 31. a4 Nf6 32. Bf3 h5 33. a5 bxa5 34. bxa5 h4 35. Rd6 hxg3 36.
fxg3 Re7 37. Kc4 Ne8 38. Ra6 Rc7+ 39. Rc6 Rd7 40. Bd5 Nc7 41. Be6 Re7 42. Bd5 Rd7 43. Be6 Re7 44. Bd5 Kh6 45. g4 Kg7 46. g5 Rd7 47. Be6 Re7 48. Bd5 Rd7 49. Be6 Re7 50. Bd5 1/2-1/2

[Event "*** SCC Grand Prix: Titled Tuesday Blitz"]
[Site "Chess.com"]
[Date "2020.09.08"]
[Round "1"]
[White "juancruzarias"]
[Black "Andreikka"]
[Result "1-0"]
[WhiteElo "2430"]
[BlackElo "2808"]
[TimeControl "180+1"]
[EndTime "10:07:23 PDT"]
[Termination "juancruzarias won by resignation"]

1. e4 d5 2. exd5 Qxd5 3. Nf3 Nf6 4. d4 Bg4 5. Be2 Nc6 6. O-O O-O-O 7. c4 Qh5 8. d5 e6 9. h3 Bxf3 10. Bxf3 Qg6 11. Nc3 Ne5 12. Re1 Nxf3+ 13. Qxf3 Bb4 14. Bf4 exd5 15. cxd5 Bxc3 16. bxc3 Nxd5 17. Bg3 Rd7 18. Rab1 Qf6 19. Qg4 h5 20. Qa4 a6 21. Qb3 Qc6 22. c4 Nf6 23. Qe3 Kb8 24. Rb6 Qa4 25. Reb1 Rd1+ 26.
Kh2 Rxb1 27. Rxb1 Re8 28. Qc5 Qd7 29. Bf4 g6 30. Be3 Kc8 31. Qa7 Qd6+ 32. g3 Qc6 33. Rd1 b6 34. Qxa6+ Qb7 35. Qb5 Re6 36. Bg5 Qc6 37.
Qa6+ Qb7 38. Rd8+ Kxd8 39. Qxb7 Kd7 40. Bxf6 Rxf6 41. Kg2 Rd6 42. Qe4 Rc6 43. a4 Rc5 44.
Qd4+ Ke7 45. f4 Ra5 46. Qe4+ Kf8 47. Qc2 Kg8 48. Kf3 Rc5 49. Ke4 Ra5 50. Kd4 Rf5 51. Kc3 h4 52. Qf2 hxg3 53. Qxg3 Kg7 54. Kb4 Kg8 55.
Qe3 Kf8 56. Qe4 Rc5 57. Qd4 Rc6 58. Qd8+ Kg7 59. Qd5 Re6 60. c5 Kh6 61. c6 Re7 62. Qd7 Re4+ 63. Kb5 1-0

[Event "*** SCC Grand Prix: Titled Tuesday Blitz"]
[Site "Chess.com"]
[Date "2020.09.08"]
[Round "1"]
[White "PowerThinking2650"]
[Black "DenLaz"]
[Result "0-1"]
[WhiteElo "2379"]
[BlackElo "2739"]
[TimeControl "180+1"]
[EndTime "10:07:23 PDT"]
[Termination "DenLaz won by resignation"]

1. e4 e5 2. Nf3 Nc6 3. Nc3 Nf6 4.
d4 exd4 5. Nxd4 Bb4 6. Nxc6 bxc6 7. Bd3 O-O 8. O-O d5 9. exd5 cxd5 10. Bg5 c6 11.
Qf3 Bd6 12. Rae1 h6 13. Bxf6 Qxf6 14. Qxf6 gxf6 15. Ne2 Rb8 16. b3 Bd7 17. Ng3 Be5 18. Nf5 Bxf5 19. Bxf5 Rbd8 20. Re3 Rfe8 21. Rh3 Kg7 22.
Rh4 c5 23. Rg4+ Kf8 24. Ra4 Re7 25. Ra6 Bd4 26. Rc6 Kg7 27. g3 h5 28. Bd3 h4 29. Kg2 Rh8 30. Rd1 Re5 31. g4 h3+ 32. Kg3 Rhe8 33. a4 Re1 34. Rxe1 Rxe1 35. Kxh3 Bxf2 36. Kg2 Bd4 37. Rd6 Rg1+ 38. Kf3 Rh1 39. Rxd5 Rxh2 40. Rd7 Rf2+ 41. Kg3 Rd2 42. Bc4 Be5+ 43.
Kf3 Rxd7 0-1

[Event "*** SCC Grand Prix: Titled Tuesday Blitz"]
[Site "Chess.com"]
[Date "2020.09.08"]
[Round "1"]
[White "AlexSuv"]
[Black "FMalexhdez"]
[Result "1-0"]
[WhiteElo "2548"]
[BlackElo "2213"]
[TimeControl "180+1"]
[EndTime "10:07:23 PDT"]
[Termination "AlexSuv won on time"]

1. d4 Nf6 2. c4 e6 3. Nc3 Bb4 4. e3 c5 5. Ne2 d5 6. a3 cxd4 7. exd4 Be7 8. c5 O-O 9. g3 e5 10. Bg2 exd4 11. Nxd4 Bxc5 12. O-O Nc6 13. Nb3 Be7 14.
Nxd5 Nxd5 15. Bxd5 Bh3 16. Re1 Bf6 17. Qf3 Ne5 18.
Qh1 Rc8 19. Rd1 Qe7 20. Bf4 Rc2 21. Rd2 Rfc8 22. Rad1 Ng6 23. Be3 Bg4 24. Re1 Rxd2 25. Bxd2 Qd7 26. Bxb7 Rb8 27. Bc6 Qd3 28. Qd5 Qc2 29. Ba4 Qxb2 30. Bf4 Rd8 31. Qa5 Nxf4 32. gxf4 h6 33. Nc5 Qxa3 34. Ne4 Bd4 35. Qxd8+ Kh7 36. Qxd4 Qf3 37. Ng3 Bh3 38. Qe4+ Qxe4 39. Rxe4 1-0

[Event "*** SCC Grand Prix: Titled Tuesday Blitz"]
[Site "Chess.com"]
[Date "2020.09.08"]
[Round "1"]
[White "GelmanAlexander"]
[Black "latixxa"]
[Result "1-0"]
[WhiteElo "2507"]
[BlackElo "2110"]
[TimeControl "180+1"]
[EndTime "10:07:23 PDT"]
[Termination "GelmanAlexander won by resignation"]

1. d4 Nf6 2. Nc3 e6 3. Bf4 d5 4. Nb5 Bd6 5. Nxd6+ cxd6 6. e3 O-O 7. Nf3 Nc6 8. Be2 Qe7 9. O-O e5 10. Bg5 Be6 11. c4 e4 12. Nd2 h6 13. Bh4 g5 14.
Bg3 Rad8 15. Rc1 Kg7 16. Qa4 a6 17. Qa3 h5 18. h4 Ng4 19. c5 dxc5 20. Qxc5 Qf6 21.
hxg5 Qxg5 22. Nxe4 Qg6 23. Nd2 Rh8 24. Bxg4 Bxg4 25. Qc2 Bf5 26. Qd1 h4 27. Bf4 Rdg8 28. f3 Kf6 29. Rf2 h3 30. g3 Ke7 31. e4 Be6 32. Qe2 Kd7 33. Nb3 b6 34. Qxa6 h2+ 35.
Kh1 Qh5 36. Qb7+ Ke8 37. Qb8+ Ke7 38. Qd6+ Ke8 39. Qxc6+ Kf8 40. Qd6+ Kg7 41. Qe5+ 1-0

[Event "*** SCC Grand Prix: Titled Tuesday Blitz"]
[Site "Chess.com"]
[Date "2020.09.08"]
[Round "1"]
[White "MustafayevFarid2004"]
[Black "Euge_chess"]
[Result "1-0"]
[WhiteElo "2506"]
[BlackElo "2106"]
[TimeControl "180+1"]
[EndTime "10:07:23 PDT"]
[Termination "MustafayevFarid2004 won by checkmate"]

1. d4 Nf6 2. c4 c5 3. d5 e6 4. Nc3 exd5 5. cxd5 d6 6. e4 g6 7. Bd3 Bg7 8. Nge2 O-O 9. h3 Re8 10.
O-O Na6 11. Bf4 Nc7 12. a4 b6 13. Bh2 a6 14. f4 Rb8 15. Qb3 b5 16. axb5 axb5 17.
e5 c4 18. Bxc4 bxc4 19. Qxb8 Nfxd5 20. Rfd1 dxe5 21. Nxd5 Nxd5 22. fxe5 Be6 23. Qxd8 Rxd8 24. Nf4 Bxe5 25. Nxd5 Bxh2+ 26. Kxh2 Rxd5 27. Ra8+ Kg7 28. Rxd5 Bxd5 29. Rd8 Be6 30. Kg3 Kf6 31. Kf4 h6 32. h4 g5+ 33. hxg5+ hxg5+ 34. Ke4 Bf5+ 35. Kd4 Be6 36. Rd6 g4 37. g3 Kf5 38. Rxe6 fxe6 39. Kxc4 Ke4 40. b4 Kf3 41. b5 Kxg3 42. b6 Kf2 43. b7 g3 44. b8=Q g2 45. Qf4+ Ke1 46.
Qg3+ Kf1 47. Qf3+ Kg1 48. Kd3 Kh2 49. Qh5+ Kg3 50. Qg5+ Kf2 51. Qf4+ Ke1 52. Qg3+ Kf1 53. Qf3+ Kg1 54. Ke2 Kh2 55. Qh5+ Kg3 56. Qg5+ Kh2 57. Kf2 e5 58. Qh5# 1-0

[Event "*** SCC Grand Prix: Titled Tuesday Blitz"]
[Site "Chess.com"]
[Date "2020.09.08"]
[Round "1"]
[White "MF1966Idrisov"]
[Black "Abdimalik_Abdisalimov"]
[Result "0-1"]
[WhiteElo "2395"]
[BlackElo "2755"]
[TimeControl "180+1"]
[EndTime "10:07:25 PDT"]
[Termination "Abdimalik_Abdisalimov won on time"]

1. Nf3 c5 2. b3 Nf6 3. Bb2 g6 4. c4 Bg7 5. g3 O-O 6. Bg2 d6 7.
d4 Ne4 8. O-O Nc6 9. e3 Bf5 10.
Nc3 Rc8 11. Rc1 Qa5 12. Nxe4 Bxe4 13. a3 Rfd8 14. Qe2 Bxf3 15. Bxf3 cxd4 16. Bxc6 d3 17. Qxd3 Bxb2 18. Rc2 Qxa3 19. Bxb7 Rb8 20. Bd5 e6 21. Rb1 Rxb3 22. Qe2 Bf6 23. Rxb3 Qxb3 24. Bc6 Rc8 25. Bb5 d5 26. e4 dxe4 27. Qxe4 a5 28. Qe2 a4 29.
Ra2 a3 30. Kg2 Bb2 31. Qf3 Qxa2 32. Qb7 Rf8 0-1